Workbook

Sheet St of Rev, Exp
A1: Enterprises Fund and Organizations: ______________________
A3: Statement of Revenues, Expenses and Changes in Net Position
A4: For the Year Ended September 30, 2026 | D4: OPERATING REVENUES | G4: OPERATING EXPENSES | P4: NONCAPITAL SUBSIDIES | U4: OTHER NONOPERATING REVENUES (EXPENSES) | AD4: UNUSUAL OR INFREQUENT ITEMS
A5: Enter captions as reported: | B5: Enter amounts below as reported in the Enterprises Fund and Organizations' financial statements | D5: Charges for Services | E5: Other misc revenue | G5: Personnel Costs | H5: Contractual Services | I5: Materials and Supplies | J5: Claims and policy payments | K5: Other | L5: Depreciation (expense) | M5: Amortization | N5: Postclosure care costs for inactive landfills | P5: Intergovernmental Subsidies | Q5: Passenger facility charges | R5: Transfers in | S5: Transfers out | U5: Investment and interest income | V5: Interest expense | W5: Lease and PPP interest income | X5: Gain (loss) on disposal of capital assets | Y5: Capital contributions | Z5: Intergovernmental Subsidies - Capital | AA5: Transfers in - restricted for capital assets | AB5: Transfers out - restricted for capital assets | AD5: Other unusual or infrequent items (specify) | AF5: Fund net position - beginning of period | AG5: Total | AH5: Control Check
A6: Operating revenues:
AG7: =SUM(D7:AD7) -> 0 | AH7: =B7-AG7 -> 0
AG8: =SUM(D8:AD8) -> 0 | AH8: =B8-AG8 -> 0
AG9: =SUM(D9:AD9) -> 0 | AH9: =B9-AG9 -> 0
AG10: =SUM(D10:AD10) -> 0 | AH10: =B10-AG10 -> 0
AG11: =SUM(D11:AD11) -> 0 | AH11: =B11-AG11 -> 0
AG12: =SUM(D12:AD12) -> 0 | AH12: =B12-AG12 -> 0
A13: Total operating revenues | B13: =SUM(B7:B12) -> 0 | D13: =SUM(D7:D12) -> 0 | E13: =SUM(E7:E12) -> 0 | AG13: =SUM(AG7:AG12) -> 0 | AH13: =B13-AG13 -> 0
A15: Operating expenses:
AG16: =SUM(D16:AD16) -> 0 | AH16: =B16-AG16 -> 0
AG17: =SUM(D17:AD17) -> 0 | AH17: =B17-AG17 -> 0
AG18: =SUM(D18:AD18) -> 0 | AH18: =B18-AG18 -> 0
AG19: =SUM(D19:AD19) -> 0 | AH19: =B19-AG19 -> 0
AG20: =SUM(D20:AD20) -> 0 | AH20: =B20-AG20 -> 0
AG21: =SUM(D21:AD21) -> 0 | AH21: =B21-AG21 -> 0
AG22: =SUM(D22:AD22) -> 0 | AH22: =B22-AG22 -> 0
AG23: =SUM(D23:AD23) -> 0 | AH23: =B23-AG23 -> 0
AG24: =SUM(D24:AD24) -> 0 | AH24: =B24-AG24 -> 0
A25: Total operating expenses | B25: =SUM(B16:B24) -> 0 | G25: =SUM(G16:G24) -> 0 | H25: =SUM(H16:H24) -> 0 | I25: =SUM(I16:I24) -> 0 | J25: =SUM(J16:J24) -> 0 | K25: =SUM(K16:K24) -> 0 | L25: =SUM(L16:L24) -> 0 | M25: =SUM(M16:M24) -> 0 | N25: =SUM(N16:N24) -> 0 | AG25: =SUM(AG16:AG24) -> 0 | AH25: =B25-AG25 -> 0
A26: Operating income (loss) | B26: =+B13-B25 -> 0 | AG26: =+AG13-AG25 -> 0 | AH26: =B26-AG26 -> 0
A28: Noncapital Subsidies
A29: Intergovernmental subsidies: | AG29: =SUM(D29:AD29) -> 0 | AH29: =B29-AG29 -> 0
A30: Federal | AG30: =SUM(D30:AD30) -> 0 | AH30: =B30-AG30 -> 0
A31: State | AG31: =SUM(D31:AD31) -> 0 | AH31: =B31-AG31 -> 0
A32: Local | AG32: =SUM(D32:AD32) -> 0 | AH32: =B32-AG32 -> 0
A33: Passenger facility charges | AG33: =SUM(D33:AD33) -> 0 | AH33: =B33-AG33 -> 0
A34: Transfers in | AG34: =SUM(D34:AD34) -> 0 | AH34: =B34-AG34 -> 0
A35: Transfers out | AG35: =SUM(D35:AD35) -> 0 | AH35: =B35-AG35 -> 0
A36: Total noncapital subsidies | B36: =SUM(B29:B35) -> 0 | P36: =SUM(P29:P35) -> 0 | Q36: =SUM(Q29:Q35) -> 0 | R36: =SUM(R29:R35) -> 0 | S36: =SUM(S29:S35) -> 0 | AG36: =SUM(AG29:AG35) -> 0 | AH36: =B36-AG36 -> 0
A38: Operating Income (loss) and noncapital subsidies | B38: =+B26+B36 -> 0 | AG38: =AG26+AG36 -> 0 | AH38: =B38-AG38 -> 0
A40: Other Nonoperating revenues (expenses):
A41: Investment and interest income | AG41: =SUM(D41:AD41) -> 0 | AH41: =B41-AG41 -> 0
A42: Interest expense | AG42: =SUM(D42:AD42) -> 0 | AH42: =B42-AG42 -> 0
A43: Lease and PPP interest income | AG43: =SUM(D43:AD43) -> 0 | AH43: =B43-AG43 -> 0
A44: Gain (loss) on disposal of capital assets | AG44: =SUM(D44:AD44) -> 0 | AH44: =B44-AG44 -> 0
A45: Capital contributions | AG45: =SUM(D45:AD45) -> 0 | AH45: =B45-AG45 -> 0
A46: Intergovernmental Subsidies - Capital | AG46: =SUM(D46:AD46) -> 0 | AH46: =B46-AG46 -> 0
A47: Transfers in - restricted for capital assets | AG47: =SUM(D47:AD47) -> 0 | AH47: =B47-AG47 -> 0
A48: Transfers out - restricted for capital assets | AG48: =SUM(D48:AD48) -> 0 | AH48: =B48-AG48 -> 0
A49: Total other nonoperating revenues (expenses) | B49: =SUM(B41:B48) -> 0 | U49: =SUM(U41:U48) -> 0 | V49: =SUM(V41:V48) -> 0 | W49: =SUM(W41:W48) -> 0 | X49: =SUM(X41:X48) -> 0 | Y49: =SUM(Y41:Y48) -> 0 | Z49: =SUM(Z41:Z48) -> 0 | AA49: =SUM(AA41:AA48) -> 0 | AB49: =SUM(AB41:AB48) -> 0 | AG49: =SUM(AG41:AG48) -> 0 | AH49: =B49-AG49 -> 0
A51: Income (loss) before unusual or infrequent items | B51: =+B38+B49 -> 0 | AG51: =+AG38+AG49 -> 0 | AH51: =B51-AG51 -> 0
A53: Unusual or infrequent items
A54: Unusual or infrequent items (specify below):
AG55: =SUM(D55:AD55) -> 0 | AH55: =B55-AG55 -> 0
A56: Total unusual or infrequent items | B56: =SUM(B54:B55) -> 0 | AD56: =SUM(AD54:AD55) -> 0 | AG56: =SUM(AG54:AG55) -> 0 | AH56: =B56-AG56 -> 0
A58: Increase (decrease) in fund net position | B58: =+B51+B56 -> 0 | AG58: =+AG51+AG56 -> 0 | AH58: =B58-AG58 -> 0
A59: Fund net position - beginning of period | B59: 0 | AF59: =+B59 -> 0 | AG59: =AF59 -> 0 | AH59: =B59-AG59 -> 0
A60: Fund net position - end of period | B60: =+B58+B59 -> 0 | D60: =+D13 -> 0 | E60: =+E13 -> 0 | G60: =+G25 -> 0 | H60: =+H25 -> 0 | I60: =+I25 -> 0 | J60: =+J25 -> 0 | K60: =+K25 -> 0 | L60: =+L25 -> 0 | M60: =+M25 -> 0 | N60: =+N25 -> 0 | P60: =+P36 -> 0 | Q60: =+Q36 -> 0 | R60: =+R36 -> 0 | S60: =+S36 -> 0 | U60: =+U49 -> 0 | V60: =+V49 -> 0 | W60: =+W49 -> 0 | X60: =+X49 -> 0 | Y60: =+Y49 -> 0 | Z60: =+Z49 -> 0 | AA60: =+AA49 -> 0 | AB60: =+AB49 -> 0 | AD60: =+AD56 -> 0 | AF60: =+AF59 -> 0 | AG60: =+AG58+AG59 -> 0 | AH60: =B60-AG60 -> 0

Sheet St. of Activities worksheet
A1: Enterprises Fund and Organizations: _________________________
A3: Instructions:
A4: Reclass amounts to Statement of Activities format below.
A5: (see definitions below)
A8: STATEMENT OF REVENUES, EXPENSES AND CHANGES IN NET POSITION | B8: Amounts as reported
A9: Operating revenues
A10: Total operating revenues | B10: =+'St of Rev, Exp'!AG13 -> 0
A12: Operating expenses | B12: =+'St of Rev, Exp'!AG25 -> 0
A13: Operating income (loss) | B13: =+B10-B12 -> 0
A15: Noncapital Subsidies
A16: Intergovernmental subsidies/operating grants | B16: =+'St of Rev, Exp'!AG30+'St of Rev, Exp'!AG31+'St of Rev, Exp'!AG32 -> 0
A17: Passenger facility charges | B17: =+'St of Rev, Exp'!AG33 -> 0
A18: Transfers in | B18: =+'St of Rev, Exp'!AG34 -> 0
A19: Transfers out | B19: =+'St of Rev, Exp'!AG35 -> 0
A20: Total noncapital subsidies | B20: =SUM(B16:B19) -> 0
A21: Operating Income (loss) and noncapital subsidies | B21: =+B13+B20 -> 0
A23: Other Non-operating revenues (expenses):
A24: Investment and interest income | B24: =+'St of Rev, Exp'!AG41 -> 0
A25: Interest expense | B25: =+'St of Rev, Exp'!AG42 -> 0
A26: Lease and PPP interest income | B26: =+'St of Rev, Exp'!AG43 -> 0
A27: Gain (loss) on disposal of capital assets | B27: =+'St of Rev, Exp'!AG44 -> 0
A28: Capital contributions | B28: =+'St of Rev, Exp'!AG45 -> 0
A29: Intergovernmental subsidies - capital | B29: =+'St of Rev, Exp'!AG46 -> 0
A30: Transfers in - restricted for capital assets | B30: =+'St of Rev, Exp'!AG47 -> 0
A31: Transfers out - restricted for capital assets | B31: =+'St of Rev, Exp'!AG48 -> 0
A32: Total other non-operating revenues (expenses) | B32: =SUM(B24:B31) -> 0
A33: Income (loss) before unusual or infrequent items | B33: =+B21+B32 -> 0
A34: Unusual or Infrequent Items
A35: Total unusual or infrequent items | B35: ='St of Rev, Exp'!AG56 -> 0
A36: Total Change in Net Position | B36: =+B33+B35 -> 0
A38: RECLASS FOR STATEMENT OF ACTIVITIES:
A40: REVENUES:
A41: Program Revenues:
A42: Charges for Services
A43: Operating Grants and Contributions
A44: Capital Grants and Contributions
A46: General Revenues:
A47: Investment Earnings
A48: Miscellaneous
A49: Transfers (net)
A50: Unusual or Infrequent items
A52: EXPENSES:
A54: Total Change in Fund Net Position | B54: =SUM(B42:B53) -> 0
A56: CHECK | B56: =+B36-B54 -> 0
A59: STATEMENT OF ACTIVITIES WORKSHEET
A60: REVENUES/EXPENSES DEFINITIONS
A61: Reference GASB Statement 34
A62: Charges for services (paragraph 49) | B62: These revenues arise from charges to customers who purchase or use services provided; licenses and permits; fines and forfeitures; operating special assessments; reimbursements from other governments for services provided; gains on sale of assets; and any other amounts charged to service recipients.
A63: Operating grants and contributions (paragraph 50) | B63: Revenues arising from mandatory and voluntary nonexchange transactions with other governments, organizations, or individuals which are restricted for use in a particular program. The revenues may be used either for operating expenses or capital purposes.
A64: Capital grants and contributions (paragraph 50) | B64: Revenues arising from mandatory and voluntary nonexchange transactions with other governments, organizations, or individuals which are restricted for capital purposes (to purchase, construct, or renovate capital assets) within a particular program. (Passenger facilities charges, tap fees, connection fees restricted for construction)
A65: Investment earnings (paragraph 52) | B65: Investment earnings are considered to be general revenues of the County. Interest, change in value of investments, etc.
A66: Transfers | B66: Transfers as reported in the fund financial statements.
A67: Expenses | B67: Operating and non-operating expenses, including depreciation, amortization, closure/postclosure costs, interest expense and loss on disposal of assets.
A68: STATEMENT OF ACTIVITIES WORKSHEET
A69: REVENUES/EXPENSES DEFINITIONS
A70: Reference GASB Statement 103
A71: Unusual or Infrequent Items (paragraph 9) | B71: Unusual or infrequent items are transactions and other events that are unusual in nature or infrequent in occurrence. Statement 62 defines the terms unusual in nature and infrequency of occurrence. •"Special" and "extraordinary" items are gone is now replaced with GASB 62 criteria of “unusual in nature and “infrequent in occurrence. “ •Unusual nature — the event or transaction possesses a high degree of abnormality and is of a type clearly unrelated to, or only incidentally related to, the government's ordinary and typical activities. •Infrequency of occurrence — the event or transaction is of a type that would not reasonably be expected to recur in the foreseeable future, taking into account that same environment.
A72: Subsidies (paragraph 14) | B72: Subsidies are defined as follows: a. Resources received from another party or fund (1) for which the proprietary fund does not provide goods and services to the other party or fund and (2) that directly or indirectly keep the proprietary fund’s current or future fees and charges lower than they would be otherwise b. Resources provided to another party or fund (1) for which the other party or fund does not provide goods and services to the proprietary fund and (2) that are recoverable through the proprietary fund’s current or future pricing policies c. All other transfers.
B73: Classification based on external capital requirements: Subsidy classification should be based on whether the provider (or other external requirements, such as legislation or regulation) limits the use of the resources to capital purposes. If the resources are used to acquire capital assets but aren’t externally limited to capital purposes, the subsidy generally should be classified as a noncapital subsidy. The recipient’s decision to use some or all of an unrestricted subsidy for capital outlays doesn’t, by itself, result in capital subsidy classification. Capital classification is appropriate only when an external restriction requires the resources to be used for capital purposes (e.g., acquisition or construction of capital assets).

Sheet Assets
A1: Enterprises Fund and Organizations: ______________________________________
A3: Statement of Net Position, Sept. 30, 2026 | D3: Current Assets | O3: Restricted Assets | V3: Other non-current | AC3: Capital Assets
A4: ASSETS (enter captions as reported) | B4: Enter amounts below exactly as reported in the Enterprises Fund and Organizations' financial statements | D4: Cash and cash equivalents | E4: Investments | F4: Accounts receivable (gross) | G4: Allowance for uncollectible accounts | H4: Due from other funds | I4: Due from other governments | J4: Inventories | K4: ST Lease Receivable | L4: ST PPP Receivable | M4: Other current assets | O4: Cash and cash equivalents | P4: Investments | Q4: Due from other funds | R4: Due from other funds | S4: Due from other governments | T4: Other restricted assets | V4: Restricted Cash and Cash Equivalents | W4: Restricted long-term investments | X4: Restricted due from other governments | Y4: LT Leases receivable | Z4: LT PPP receivable | AA4: Other Non Current Assets | AC4: Land | AD4: Buildings & building improvmts (gross) | AE4: Accum. Depreciation on Buildings & Improvements | AF4: Machinery & Equipmt (gross) | AG4: Accum. Depreciation on Machinery & Equipment | AH4: Infrastructure (gross) | AI4: Accum. Depreciation on Infrastructure | AJ4: Construction in Progress | AK4: Right of Use Lease Asset | AL4: Accum Amortization Right of Use Lease Asset | AM4: Right to Use PPP Asset | AN4: Accum Amortization Right of Use PPP Asset | AO4: Gross SBITA Asset | AP4: SBITA Accum Amortization | AQ4: Intangible asset | AR4: Accum Amortization Intangible Asset | AS4: Total Assets
A6: Current Assets
AS7: =SUM(D7:AR7) -> 0
AS8: =SUM(D8:AR8) -> 0
AS9: =SUM(D9:AR9) -> 0
AS10: =SUM(D10:AR10) -> 0
AS11: =SUM(D11:AR11) -> 0
AS12: =SUM(D12:AR12) -> 0
AS13: =SUM(D13:AR13) -> 0
AS14: =SUM(D14:AR14) -> 0
AS15: =SUM(D15:AR15) -> 0
A16: Total Current Assets | B16: =SUM(B7:B15) -> 0 | D16: =SUM(D7:D15) -> 0 | E16: =SUM(E7:E15) -> 0 | F16: =SUM(F7:F15) -> 0 | G16: =SUM(G7:G15) -> 0 | H16: =SUM(H7:H15) -> 0 | I16: =SUM(I7:I15) -> 0 | J16: =SUM(J7:J15) -> 0 | K16: =SUM(K7:K15) -> 0 | ... M16: =SUM(M7:M15) -> 0 | AS16: =SUM(AS7:AS15) -> 0
A18: Restricted Assets
AS19: =SUM(D19:AR19) -> 0
AS20: =SUM(D20:AR20) -> 0
AS21: =SUM(D21:AR21) -> 0
AS22: =SUM(D22:AR22) -> 0
AS23: =SUM(D23:AR23) -> 0
A24: Total Restricted Assets | B24: =SUM(B19:B23) -> 0 | O24: =SUM(O19:O23) -> 0 | P24: =SUM(P19:P23) -> 0 | Q24: =SUM(Q19:Q23) -> 0 | R24: =SUM(R19:R23) -> 0 | S24: =SUM(S19:S23) -> 0 | T24: =SUM(T19:T23) -> 0 | AS24: =SUM(AS19:AS23) -> 0
A26: Capital Assets
AS27: =SUM(D27:AR27) -> 0
AS28: =SUM(D28:AR28) -> 0
AS29: =SUM(D29:AR29) -> 0
AS30: =SUM(D30:AR30) -> 0
AS31: =SUM(D31:AR31) -> 0
AS32: =SUM(D32:AR32) -> 0
AS33: =SUM(D33:AR33) -> 0
AS34: =SUM(D34:AR34) -> 0
AS35: =SUM(D35:AR35) -> 0
A36: Total Capital Assets | B36: =SUM(B27:B35) -> 0 | AC36: =SUM(AC27:AC35) -> 0 | AD36: =SUM(AD27:AD35) -> 0 | AE36: =SUM(AE27:AE35) -> 0 | AF36: =SUM(AF27:AF35) -> 0 | AG36: =SUM(AG27:AG35) -> 0 | AH36: =SUM(AH27:AH35) -> 0 | AI36: =SUM(AI27:AI35) -> 0 | AJ36: =SUM(AJ27:AJ35) -> 0 | ... AS36: =SUM(AS27:AS35) -> 0
A38: Other Non-Current Assets
AS39: =SUM(D39:AR39) -> 0
AS40: =SUM(D40:AR40) -> 0
A41: Total Non-Current Assets | B41: =SUM(B39:B40) -> 0 | V41: =SUM(V39:V40) -> 0 | W41: =SUM(W39:W40) -> 0 | X41: =SUM(X39:X40) -> 0 | Y41: =SUM(Y39:Y40) -> 0 | Z41: =SUM(Z39:Z40) -> 0 | AA41: =SUM(AA39:AA40) -> 0 | AS41: =SUM(AS39:AS40) -> 0
A42: Total Assets | B42: =+B16+B24+B36+B41 -> 0 | D42: =+D16+D24+D36+D41 -> 0 | E42: =+E16+E24+E36+E41 -> 0 | F42: =+F16+F24+F36+F41 -> 0 | G42: =+G16+G24+G36+G41 -> 0 | H42: =+H16+H24+H36+H41 -> 0 | I42: =+I16+I24+I36+I41 -> 0 | J42: =+J16+J24+J36+J41 -> 0 | K42: =+K16+K24+K36+K41 -> 0 | ... M42: =+M16+M24+M36+M41 -> 0 | O42: =+O16+O24+O36+O41 -> 0 | P42: =+P16+P24+P36+P41 -> 0 | Q42: =+Q16+Q24+Q36+Q41 -> 0 | R42: =+R16+R24+R36+R41 -> 0 | S42: =+S16+S24+S36+S41 -> 0 | T42: =+T16+T24+T36+T41 -> 0 | V42: =+V16+V24+V36+V41 -> 0 | W42: =+W16+W24+W36+W41 -> 0 | X42: =+X16+X24+X36+X41 -> 0 | Y42: =+Y16+Y24+Y36+Y41 -> 0 | Z42: =+Z16+Z24+Z36+Z41 -> 0 | AA42: =+AA16+AA24+AA36+AA41 -> 0 | AC42: =+AC16+AC24+AC36+AC41 -> 0 | AD42: =+AD16+AD24+AD36+AD41 -> 0 | AE42: =+AE16+AE24+AE36+AE41 -> 0 | AF42: =+AF16+AF24+AF36+AF41 -> 0 | AG42: =+AG16+AG24+AG36+AG41 -> 0 | AH42: =+AH16+AH24+AH36+AH41 -> 0 | AI42: =+AI16+AI24+AI36+AI41 -> 0 | AJ42: =+AJ16+AJ24+AJ36+AJ41 -> 0 | ... AS42: =+AS16+AS24+AS36+AS41 -> 0
A44: Deferred Outflows of Resources
A45: Deferred loss on refunding
A46: Deferred outflows - OPEB
A47: Deferred outflows - pensions
A48: Total Deferred Outflow of Resources | B48: =SUM(B45:B47) -> 0
A49: Total Assets and Deferred Outflows of Resources | B49: =+B42+B48 -> 0

Sheet Liabilities
A1: Enterprises Fund and Organizations: ______________________________________
A3: Statement of Net Position, Sept. 30, 2026 | D3: Current Liabilities payable from Current Assets | W3: Current Liabilities payable from Restricted Assets | AE3: Non-current liabilities (due or payable after one year)
A4: Liabilities (enter captions as reported) | B4: Enter amounts exactly as reported in the Enterprises Fund and Organizations' financial statements | D4: Accts Payable & Accrued Expenses | E4: Current portion of bonds, loans, and notes payable | F4: Commerical Paper | G4: Accrued interest payable | H4: Compensated absences (current) | I4: Estimated claims payable | J4: Environmental remediation liability | K4: Liability for closure and postclosure care costs | L4: Due to other funds | M4: Due to other governments | N4: Rent and Contribution advances | O4: Unearned Revenue | P4: Current Portion of Total other postemployment benefits | Q4: Finance purchase liability | R4: ST Lease liability | S4: ST PPP liability | T4: ST SBITA liability | U4: Other current liabilities | W4: Accounts payable and accrued expenses | X4: Current portion of bonds, loans and notes payable | Y4: Accrued interest payable | Z4: Estimated claims payable | AA4: Unearned revenues | AB4: Finance purchase liability | AC4: Other current liabilities | AE4: Bonds, loans and notes payable, net | AF4: Commercial paper | AG4: Estimated claims payable | AH4: Compensated absences | AI4: Environmental remediation liability | AJ4: Liability for closure and postclosure care costs | AK4: Net pension liability (FRS) | AL4: Net pension liability (HIS) | AM4: Net pension liability Public Health Trust Retirement Plan | AN4: Total other postemployment benefits liability | AO4: Rent & Contribution Advances | AP4: Finance purchase liability | AQ4: LT Lease liability | AR4: LT PPP liability | AS4: LT SBITA liability | AT4: Other long-term liabilities | AV4: Total Liabilities
A6: Current liabilities payable from current assets:
AV7: =SUM(D7:AT7) -> 0
AV8: =SUM(D8:AT8) -> 0
AV9: =SUM(D9:AT9) -> 0
AV10: =SUM(D10:AT10) -> 0
AV11: =SUM(D11:AT11) -> 0
AV12: =SUM(D12:AT12) -> 0
AV13: =SUM(D13:AT13) -> 0
AV14: =SUM(D14:AT14) -> 0
AV15: =SUM(D15:AT15) -> 0
AV16: =SUM(D16:AT16) -> 0
A17: Total current liabilities | B17: =SUM(B7:B16) -> 0 | D17: =SUM(D7:D16) -> 0 | E17: =SUM(E7:E16) -> 0 | F17: =SUM(F7:F16) -> 0 | G17: =SUM(G7:G16) -> 0 | H17: =SUM(H7:H16) -> 0 | I17: =SUM(I7:I16) -> 0 | J17: =SUM(J7:J16) -> 0 | K17: =SUM(K7:K16) -> 0 | ... U17: =SUM(U7:U16) -> 0 | AV17: =SUM(AV7:AV16) -> 0
A19: Current Liabilities payable from restricted assets:
AV20: =SUM(D20:AT20) -> 0
AV21: =SUM(D21:AT21) -> 0
AV22: =SUM(D22:AT22) -> 0
AV23: =SUM(D23:AT23) -> 0
AV24: =SUM(D24:AT24) -> 0
AV25: =SUM(D25:AT25) -> 0
A26: Total current liabilities payable from restricted assets | B26: =SUM(B20:B25) -> 0 | W26: =SUM(W20:W25) -> 0 | X26: =SUM(X20:X25) -> 0 | Y26: =SUM(Y20:Y25) -> 0 | Z26: =SUM(Z20:Z25) -> 0 | AA26: =SUM(AA20:AA25) -> 0 | AB26: =SUM(AB20:AB25) -> 0 | AC26: =SUM(AC20:AC25) -> 0 | AV26: =SUM(AV20:AV25) -> 0
A28: Non-current liabilities (due or payable after one year)
AV29: =SUM(D29:AT29) -> 0
AV30: =SUM(D30:AT30) -> 0
AV31: =SUM(D31:AT31) -> 0
AV32: =SUM(D32:AT32) -> 0
AV33: =SUM(D33:AT33) -> 0
AV34: =SUM(D34:AT34) -> 0
AV35: =SUM(D35:AT35) -> 0
AV36: =SUM(D36:AT36) -> 0
AV37: =SUM(D37:AT37) -> 0
A38: Total long-term liabilities | B38: =SUM(B29:B37) -> 0 | AE38: =SUM(AE29:AE37) -> 0 | AF38: =SUM(AF29:AF37) -> 0 | AG38: =SUM(AG29:AG37) -> 0 | AH38: =SUM(AH29:AH37) -> 0 | AI38: =SUM(AI29:AI37) -> 0 | AJ38: =SUM(AJ29:AJ37) -> 0 | AK38: =SUM(AK29:AK37) -> 0 | AL38: =SUM(AL29:AL37) -> 0 | ... AT38: =SUM(AT29:AT37) -> 0 | AV38: =SUM(AV29:AV37) -> 0
A40: Total liabilities | B40: =+B17+B26+B38 -> 0 | D40: =+D17+D26+D38 -> 0 | E40: =+E17+E26+E38 -> 0 | F40: =+F17+F26+F38 -> 0 | G40: =+G17+G26+G38 -> 0 | H40: =+H17+H26+H38 -> 0 | I40: =+I17+I26+I38 -> 0 | J40: =+J17+J26+J38 -> 0 | K40: =+K17+K26+K38 -> 0 | ... U40: =+U17+U26+U38 -> 0 | W40: =+W17+W26+W38 -> 0 | X40: =+X17+X26+X38 -> 0 | Y40: =+Y17+Y26+Y38 -> 0 | Z40: =+Z17+Z26+Z38 -> 0 | AA40: =+AA17+AA26+AA38 -> 0 | AB40: =+AB17+AB26+AB38 -> 0 | AC40: =+AC17+AC26+AC38 -> 0 | AE40: =+AE17+AE26+AE38 -> 0 | AF40: =+AF17+AF26+AF38 -> 0 | AG40: =+AG17+AG26+AG38 -> 0 | AH40: =+AH17+AH26+AH38 -> 0 | AI40: =+AI17+AI26+AI38 -> 0 | AJ40: =+AJ17+AJ26+AJ38 -> 0 | AK40: =+AK17+AK26+AK38 -> 0 | AL40: =+AL17+AL26+AL38 -> 0 | ... AT40: =+AT17+AT26+AT38 -> 0 | AV40: =+AV17+AV26+AV38 -> 0
A42: Deferred Inflows of Resources
A43: Deferred gain on refunding
A44: Deferred inflows-OPEB
A45: Deferred inflows-pensions
A46: Deferred inflows-leases
A47: Deferred inflows-PPP
A48: Total deferred inflows of resources | B48: =SUM(B43:B47) -> 0
A50: Total liablities and deferred inflows of resources | B50: =+B40+B48 -> 0

Sheet Net Position
A1: Enterprises Fund and Organizations: ______________________________________
A3: Statement of Net Position, Sept. 30, 2026 | G3: Restricted for:
A4: Net Position (enter captions as reported) | C4: Enter amounts below exactly as reported in the Enterprises Fund and Organizations' financial statements | E4: Net investment in capital assets | G4: Debt Service | H4: Capital projects | I4: Reserve | J4: Operating reserve | K4: Bond reserve | L4: Groundwater protection | M4: Rate stabilization | N4: Federal and donor program | O4: Renew and replacement | P4: Non-federal apportionment funds | Q4: Performance Guaranty | R4: Other purposes | T4: Unrestricted (deficit) | V4: Total net position (deficit)
A6: Net investment in capital assets | V6: =+E6 -> 0
A8: Restricted for:
V9: =SUM(E9:T9) -> 0
V10: =SUM(E10:T10) -> 0
V11: =SUM(E11:T11) -> 0
V12: =SUM(E12:T12) -> 0
V13: =SUM(E13:T13) -> 0
V14: =SUM(E14:T14) -> 0
V15: =SUM(E15:T15) -> 0
V16: =SUM(E16:T16) -> 0
V17: =SUM(E17:T17) -> 0
V18: =SUM(E18:T18) -> 0
V19: =SUM(E19:T19) -> 0
V20: =SUM(E20:T20) -> 0
A21: Unrestricted (deficit) | V21: =+T21 -> 0
V22: =+T22 -> 0
A23: Total net position (deficit) | C23: =SUM(C6:C22) -> 0 | E23: =SUM(E6:E22) -> 0 | G23: =SUM(G6:G22) -> 0 | H23: =SUM(H6:H22) -> 0 | I23: =SUM(I6:I22) -> 0 | J23: =SUM(J6:J22) -> 0 | K23: =SUM(K6:K22) -> 0 | L23: =SUM(L6:L22) -> 0 | M23: =SUM(M6:M22) -> 0 | N23: =SUM(N6:N22) -> 0 | ... R23: =SUM(R6:R22) -> 0 | T23: =SUM(T6:T22) -> 0 | V23: =SUM(V6:V22) -> 0

Sheet cashflow
A1: MIAMI-DADE COUNTY, FLORIDA
A3: PROPRIETARY FUNDS
A4: STATEMENT OF CASH FLOWS
A5: FOR THE YEAR ENDED SEPTEMBER 30, 2026
A6: (in thousands)
A9: Cash flows from operating activities:
A10: Cash received from customers and tenants
A11: Cash received for premiums
A12: Cash paid to suppliers
A13: Other cash paid
A14: Cash paid to other County departments
A15: Cash paid to employees for services
... A19: Other non-operating (expenses)
A20: Net cash provided (used) by operating activities | B20: =SUM(B10:B19) -> 0
A22: Cash flows from non-capital financing activities:
A23: Grants and subsidies received
A24: Transfers from other funds
A25: Transfers (to) other funds
A26: Advances from other County funds
A27: Letter of credit of Performance Guaranty
A28: Resources Recovery Facility fire related expenses
A29: Cash received (paid) for hurricane related expenses
A30: Long term receivable
A31: Net cash provided (used) by non-capital financing activities | B31: =SUM(B23:B30) -> 0
A33: Cash flows from capital and related financing activities:
A34: Advances from other County funds
A35: Proceeds from issuance of refunding debt
A36: Proceeds (advances) from issuance of bonds, loans, notes payable
A37: Expenses incurred from borrowing
A38: Bond premium/(discount) on new debt
A39: Refunded debt obligations
A40: Principal payments - bonds, loans, notes payable
A41: Interest payments - bonds, loans, notes payable
A42: Issuance costs
A43: Interest subsidy received
A44: Principal payments on leases/SBITA
... A53: Landfill closure grants expenses
A54: Net cash provided (used) by capital and related financing activities | B54: =SUM(B34:B53) -> 0
A56: Cash flows from investing activities:
A57: Purchase of investment securities
A58: Proceeds from sale and maturities of investment securities
A59: Interest and dividends on investments
A60: Net cash provided (used) by investing activities | B60: =SUM(B57:B59) -> 0
A62: Net increase (decrease) in cash and cash equivalents
A63: Cash and cash equivalents at beginning of year
A64: Cash and cash equivalents at end of year
A66: Reconciliation of operating income (loss) to
A67: net cash provided (used) by operating activities:
A68: Operating income (loss) | B68: ='St of Rev, Exp'!AG26 -> 0
A69: Adjustments to reconcile operating income (loss) to
A70: net cash provided (used) by operating activities:
A71: Depreciation and amortization expense
A72: Gain on capital asset disposal
A73: Other - net
A74: (Increase) decrease in assets:
A75: Accounts receivable, net
A76: Lease receivable
A77: Inventories
A78: Other assets
A79: Due from other funds
A80: Due from other governments
... A111: Recognition of subscription liability from new subscriptions

Sheet Net Investment in Capital Asset
A1: Net Investment in Capital Assets of a Reporting Unita
A3: Net Investment in Capital Assets | F3: Business-Type Activities
F4: $ | G4: PG #
A5: Total capital assetsb (both tangible and intangible)
A6: Less: Accumulated depreciation/amortization
A7: Net carrying value of capital assets | F7: =+F5-F6 -> 0
A10: Less:
A11: ● All outstanding principal of capital-related debt/borrowingsc related to the government’s
A12: own capital assets, including borrowing used to refund capital-related borrowings
A14: ● Outstanding principal balance of any other (non-debt) capital related liabilities as of fiscal year
A15: end, including capital accounts payable and retainage payable
A16: ● Unamortized original issue premiums on outstanding capital debt
A17: ● Capital-related deferred inflows of resources (such as a gain on refunding of
A18: outstanding capital debt)
A19: ● Other reductions, if any [SPECIFY]
A20: Specify
A21: Specify
F22: =SUM(F12:F21) -> 0
A23: Plus:
A24: ● Unamortized balance of original issue discounts on outstanding capital debt
A25: ● Unamortized balance of capital-related deferred outflows of resources, such as from
A26: "losses" on refunding of outstanding capital debt
A27: ● Capital Borrowings related to unspent bond proceeds
A28: Other additions, if any [SPECIFY]
A29: Specify
A30: Specify
F31: =SUM(F24:F30) -> 0
A33: Equals: Net investment in capital assets | F33: =+F7-F22+F31 -> 0
A35: ●Please provide any non-capital long-term debt, such as pension obligation bond, debt used to finance for other governments:
A38: Notes | C38: Explanations (not definitions)
A39: a | B39: Reporting unit: | C39: Generally, a column in basic financial statements represents a reporting unit. Only those liabilities and deferred resource flows pertaining specifically to the capital assets reported in the same column are relevant to the calculation.
A43: b | B43: Capital assets: | C43: Include any tangible and any intangible assets used in the operations of the governments, such as leases, SBITAs, and PPPs, along with their related depreciation/amortization.
A46: c | B46: Capital-related debt/ borrowings: | C46: Includes only debt and other borrowings of the reporting unit from which the proceeds are to be used for capital purposes resulting in capital assets of the same reporting unit, such as debt related to leases, SBITAs and PPPs. All successor borrowings of the reporting unit that refinance earlier borrowings from which the proceeds were used for capital purposes assume the capital nature of their predecessors.
